 Dungeon Crawl Stone Soup version 0.25-a0-589-g1e14c549ee (webtiles) character file.

Game seed: 8939159033413515445, levelgen mode: deterministic

224 Gynju the Thaumaturge (level 5, -14/28 HPs)
             Began as a Deep Elf Wizard on Mar 13, 2020.
             Demolished by an ogre
             ... wielding a +0 giant club
              (17 damage)
             ... on level 4 of the Dungeon.
             The game lasted 00:03:24 (3548 turns).

Gynju the Thaumaturge (Deep Elf Wizard)             Turns: 3548, Time: 00:03:25

Health: -14/28     AC:  5    Str:  5    XL:     5   Next: 67%
Magic:  12/17      EV: 12    Int: 23    God:
Gold:   149        SH:  0    Dex: 13    Spells: 15/20 levels left

rFire    x . .     SeeInvis .   w - +3 short sword
rCold    + . .     Gourm    .   (no shield)
rNeg     . . .     Faith    .   q - +0 leather armour
rPois    .         Spirit   .   v - +0 helmet
rElec    .         Reflect  .   (no cloak)
rCorr    .         Harm     .   r - +0 pair of gloves
MR       +....                  (no boots)
Stlth    ++........             (no amulet)
HPRegen  0.09/turn              n - ring of ice
MPRegen  0.15/turn              l - ring of protection from magic

@: no status effects
A: no striking features
a: no special abilities


You were on level 4 of the Dungeon.
You were not hungry.

You visited 1 branch of the dungeon, and saw 4 of its levels.

You collected 149 gold pieces.

Inventory:

Hand Weapons
 i - a +0 whip
 w - a +3 short sword (weapon)
Armour
 q - a +0 leather armour (worn)
 r - a +0 pair of gloves (worn)
 v - a +0 helmet (worn)
 x - a +0 kite shield
Jewellery
 l - a ring of protection from magic (right hand)
 n - a ring of ice (left hand)
Scrolls
 e - 3 scrolls of identify {unknown}
 h - 2 scrolls of fog {unknown}
 j - 2 scrolls of amnesia {unknown}
 k - 3 scrolls of teleportation {unknown}
 o - 2 scrolls of enchant armour {unknown}
Potions
 a - a potion of stabbing {unknown}
 c - 2 potions of curing {unknown}
 f - a potion of might {unknown}
 g - a potion of lignification {unknown}
 m - a potion of brilliance {unknown}
 p - 2 potions of haste {unknown}
 s - a potion of invisibility {unknown}
 t - a potion of degeneration {unknown}
 u - a potion of heal wounds {unknown}
Comestibles
 b - a chunk of flesh
 d - 10 rations


   Skills:
 - Level 2.4 Dodging
 - Level 2.4 Stealth
 + Level 1.3 Shields
 + Level 8.3 Spellcasting
 - Level 1.1 Conjurations
 - Level 1.1 Summonings
 - Level 1.1 Translocations


You had 15 spell levels left.
You knew the following spells:

 Your Spells              Type           Power        Failure   Level  Hunger
a - Magic Dart            Conj           ##..         7%          1    None
b - Blink                 Tloc           N/A          11%         2    None
c - Call Imp              Summ           ##......     11%         2    None

Your spell library contained the following spells:

 Spells                   Type           Power        Failure   Level  Hunger
 Slow                     Hex            #.......     17%         2    None
 Conjure Flame            Conj/Fire      ##......     26%         3    None
 Mephitic Cloud           Conj/Pois/Air  ##......     28%         3    None


Dungeon Overview and Level Annotations

Branches:
Dungeon (4/15)
 Temple: D:4-7

Altars:
Dithmenos
Nemelex Xobeh
Qazlal
Zin


Message History

The ogre hits you with a +0 giant club!!
Ouch! That really hurt!
* * * LOW HITPOINT WARNING * * *
Casting: Magic Dart (safe; 7% risk of failure)
Confirm with . or Enter, or press ? or * to list all spells.
Aiming: Magic Dart (safe; 7% risk of failure)
Press: ? - help, Shift-Dir - straight line, f/p - ogre
Aim: an ogre, wielding a +0 giant club (moderately wounded)
The magic dart hits the ogre.
The ogre is moderately wounded.
Casting: Magic Dart (safe; 7% risk of failure)
Confirm with . or Enter, or press ? or * to list all spells.
Aiming: Magic Dart (safe; 7% risk of failure)
Press: ? - help, Shift-Dir - straight line, f/p - ogre
Aim: an ogre, wielding a +0 giant club (moderately wounded)
The magic dart hits the ogre.
The ogre is heavily wounded.
The ogre hits you with a +0 giant club!
Ouch! That really hurt!
You die...

......#####
#..........
#.........#
#.........#
#.........#
#.........#
##...O.....#
#...@########
#....'.a.....
#...(#.......
#....###...##
.....#'####
###
.....#....#
.... #....#
.... #....# .
#....#


You could see an ogre and a worker ant.

Vanquished Creatures
  A hound (D:4)
  Jessica (D:2)
  2 worker ants (D:4)
  3 adders
  2 oozes
  3 dart slugs
  3 leopard geckos
  6 orcs (D:3)
  4 giant cockroaches
  5 goblins
  11 hobgoblins
  2 jackals (D:2)
  A ball python (D:3)
  8 bats
  2 frilled lizards
  8 kobolds
  7 rats
69 creatures vanquished.

Notes
Turn   | Place    | Note
-------+----------+-------------------------------------------
     0 | D:1      | Gynju the Deep Elf Wizard began the quest for the Orb.
     0 | D:1      | Reached XP level 1. HP: 10/10 MP: 7/7
   318 | D:1      | Reached skill level 5 in Spellcasting
   346 | D:1      | Reached XP level 2. HP: 15/15 MP: 7/10
   811 | D:1      | Learned a level 2 spell: Blink
   814 | D:1      | Learned a level 2 spell: Call Imp
   851 | D:2      | Reached skill level 6 in Spellcasting
   851 | D:2      | Reached XP level 3. HP: 19/19 MP: 6/12
  1004 | D:2      | Found a faded altar of an unknown god.
  1361 | D:2      | Noticed Jessica
  1367 | D:2      | Killed Jessica
  1367 | D:2      | Reached XP level 4. HP: 24/24 MP: 6/14
  1581 | D:2      | Found a glowing silver altar of Zin.
  1642 | D:2      | Found a shadowy altar of Dithmenos.
  1779 | D:2      | Found a stormy altar of Qazlal.
  1799 | D:3      | Reached skill level 7 in Spellcasting
  2795 | D:3      | Found a sparkling altar of Nemelex Xobeh.
  2955 | D:3      | Reached XP level 5. HP: 28/28 MP: 11/17
  3278 | D:4      | Reached skill level 8 in Spellcasting
  3392 | D:4      | Reached skill level 1 in Shields
  3543 | D:4      | Noticed an ogre
  3548 | D:4      | Demolished by an ogre

Levels and vault maps discovered:
D:1:      lemuel_arrival_room, layout_rooms
D:2:      cheibrodos_helix_gallery, layout_basic, zin_treasury,
          lemuel_coloured_pillars_altar, chequers_ecumenical_altar_simple,
          nicolae_dithmenos_through_a_glass_darkly, uniq_jessica
D:3:      corexii_shack_village, layout_loops_ring, first_ration,
          nemelex_lonely_heart_becter
D:4:      layout_gridville, uniq_pikel

Skill      XL: |  1  2  3  4  5 |
---------------+----------------+-----
Spellcasting   | 5 6 7 8 |  8.3
Shields        | 1 |  1.3
Dodging        | |  2.4
Stealth        | |  2.4
Conjurations   | |  1.1
Summonings     | |  1.1
Translocations | |  1.1

Action                   |  1- 3 |  4- 6 || total
-------------------------+-------+-------++-------
 Cast: Magic Dart        |    78 |   123 ||   201
  Eat: Chunk             |     1 |     7 ||     8
Armor: Robe              |     1 |       ||     1
       Leather armour    |       |     4 ||     4
Dodge: Dodged            |    10 |    10 ||    20

Table legend:
 A = Non-vault XP
 B = Vault XP
 C = Vault XP percentage of total XP
 D = Non-vault monster count
 E = Vault monster count
 F = Vault count percentage of total count
                 A         B        C        D         E       F
            +---------+---------+-------+---------+---------+-------
      Total |     251 |      69 |  21.6 |      53 |      16 |  23.2
            +---------+---------+-------+---------+---------+-------
        D:1 |      30 |       0 |   0.0 |      15 |       0 |   0.0
        D:2 |      39 |      42 |  51.9 |      13 |       3 |  18.8
        D:3 |      64 |      27 |  29.7 |      20 |      13 |  39.4
        D:4 |     118 |       0 |   0.0 |       5 |       0 |   0.0
            +---------+---------+-------+---------+---------+-------
